 Dungeon Crawl Stone Soup version 0.31-a0-1522-g43313d8a59 (webtiles) character file.

Game seed: 9208490186105253352

7 hikkokomori the Firebug (level 2, -3/27 HPs)
             Began as an Oni Fire Elementalist on Dec 30, 2023.
             Slain by Natasha (8 damage)
             ... on level 2 of the Dungeon.
             The game lasted 00:00:39 (296 turns).

hikkokomori the Firebug (Oni Fire Elementalist)      Turns: 296, Time: 00:00:40

Health: -3/27      AC:  3    Str: 11    XL:     2   Next: 4%
Magic:  1/5        EV:  9    Int: 16    God:
Gold:   24         SH:  0    Dex:  9    Spells: 5/6 levels left

rFire   . . .        e - +0 short sword
rCold   . . .        (no shield)
rNeg    . . .        a - +0 robe
rPois   .            (helmet restricted)
rElec   .            (no cloak)
rCorr   .            (gloves unavailable)
SInv    .            (boots unavailable)
Will    .....        (no amulet)
Stlth   +            (no ring)
HPRegen 0.24/turn    (no ring)
MPRegen 0.09/turn

%: no passive effects
@: no status effects
A: large, unfitting armour, horns 1, tough skin 1, double potion healing,
drunken brawling
a: no special abilities


You were on level 2 of the Dungeon.
You visited 1 branch of the dungeon, and saw 2 of its levels.

You collected 24 gold pieces.

Inventory:

Hand Weapons
 e - a +0 short sword (weapon)
Armour
 a - a +0 robe (worn)
Jewellery
 c - a ring of willpower
Potions
 b - a potion of magic
 d - a potion of heal wounds {unknown}


   Skills:
 + Level 1.0 Fighting
 - Level 1.7 Dodging
 - Level 1.4 Stealth
 + Level 2.6 Spellcasting
 + Level 1.1 Conjurations
 + Level 2.8 Fire Magic


You had 5 spell levels left.
You knew the following spells:

 Your Spells              Type           Power      Damage    Failure   Level
a - Foxfire               Conj/Fire      32%        2x1d5     9%          1

Your spell library contained the following spells:

 Spells                   Type           Power      Damage    Failure   Level
 Scorch                   Fire           22%        2d5       10%         2
 Inner Flame              Hex/Fire       6%         N/A       32%         3
 Volatile Blastmotes      Fire/Tloc      12%        2d11      32%         3
 Flame Wave               Conj/Fire      8%         2d5       65%         4


Dungeon Overview and Level Annotations

Branches:
Dungeon (2/15)

Altars:

Annotations:
D:2 Natasha


Innate Abilities, Weirdness & Mutations

You are too large for most types of armour.
You have a pair of small horns on your head.
You have tough skin. (AC +1)
You gain doubled healing and magic from potions.
Whenever you drink a healing potion, you attack all around you.


Message History

The goblin is severely wounded.
You conjure some foxfire!
You conjure some foxfire!
You conjure some foxfire!
The foxfire hits the goblin.
You kill the goblin!
The foxfire hits Natasha.
Natasha is moderately wounded.
Your Fighting skill increases to level 1!
You have reached level 2!
You are out of magic!
You are out of magic!
You are out of magic!
The foxfire hits Natasha but does no damage.
Natasha is moderately wounded.
The foxfire hits Natasha.
Natasha is moderately wounded.
The foxfire hits Natasha.
Natasha is severely wounded.
Unknown command.
Natasha stares at you and mumbles some strange words.
The magic dart hits you.
You closely miss Natasha.
Natasha is severely wounded.
Natasha claws you!
You closely miss Natasha. Your punch misses Natasha.
Natasha is severely wounded.
Natasha claws you.
You barely miss Natasha.
Natasha is severely wounded.
Natasha mewls in sadness.
Natasha claws you.
* * * LOW HITPOINT WARNING * * *
You hit Natasha.
Natasha is almost dead.
Natasha stares at you and mumbles some strange words.
The magic dart hits you.
* * * LOW HITPOINT WARNING * * *
Natasha attacks as she pursues you! Natasha claws you!
You die...
Natasha curls up and begins to purr.

#.# #.# #.#
#.# #.# #.#
##.######## #
#.@h.).....
#.#..########
#.#.#>.#
#.(....#
###.#.##
#.#.# # #.#
#.# #.#


You could see Natasha.

Vanquished Creatures
  A dart slug (D:1)
  A goblin (D:2)
  2 hobgoblins (D:1)
  A kobold (D:1)
5 creatures vanquished.

Vanquished Creatures (others)
  15 foxfires
15 creatures vanquished.

Grand Total: 20 creatures vanquished

Notes
Turn   | Place    | Note
-------+----------+-------------------------------------------
     0 | D:1      | hikkokomori the Oni Fire Elementalist began the quest for
                  | the Orb.
     0 | D:1      | Reached XP level 1. HP: 16/16 MP: 3/3
   206 | D:1      | Reached skill level 1 in Conjurations
   274 | D:1      | You fall into a shaft and drop 1 floor!
   284 | D:2      | Noticed Natasha
   289 | D:2      | Reached skill level 1 in Fighting
   289 | D:2      | Reached XP level 2. HP: 27/27 MP: 0/5
   296 | D:2      | Slain by Natasha

Illustrated notes

Levels and vault maps discovered:
D:1:      tarquinn_simple_flora_water_a, layout_loops_ring,
          hellmonk_ecumenical_altar_zigzags
D:2:      layout_loops_ring, basic_altar, nicolae_twisty_statue_hallways,
          uniq_terence, uniq_natasha

Skill      XL: |  1 |
---------------+----+-----
Conjurations   | 1 |  1.1
Fighting       | 1 |  1.0
Dodging        | |  1.7
Stealth        | |  1.4
Spellcasting   | |  2.6
Fire Magic     | |  2.8

Action                     || total
---------------------------++-------
  Melee: Short sword       ||    11
         Unarmed           ||     5
         Headbutt          ||     1
   Cast: Foxfire           ||     9
 Armour: Robe              ||    12
  Dodge: Dodged            ||     6

Table legend: (Time is in decaauts)
 A = Elapsed time spent in this place.
 B = Non-inter-level travel time spent in this place.
 C = Inter-level travel time spent in this place.
 D = Time resting spent in this place.
 E = Time spent auto-exploring this place.
 F = Levels seen in this place.
 G = Mean time per level.
                   A        B        C        D        E       F      G
               +--------+--------+--------+--------+--------+-----+--------+
         Total |    295 |    288 |      7 |      0 |    237 |   2 |  147.5 |
       Dungeon |    295 |    288 |      7 |      0 |    237 |   2 |  147.5 |
               +--------+--------+--------+--------+--------+-----+--------+

Top non-repeatable levels by time:
     D:1: 273 daAuts
     D:2: 21 daAuts
